 Dungeon Sprint DCSS version 0.29.1-2-gbd0b4ee654 (webtiles) character file.

Game seed: 9027958863673599568

0 boopmooplesden the Covered (level 1, -3/20 HPs)
             Began as a Minotaur Fighter on Nov 28, 2022.
             Slain by a water moccasin (7 damage)
             ... in the Dungeon (Sprint VI: "Thunderdome").
             The game lasted 00:00:27 (38 turns).

boopmooplesden the Covered (Minotaur Fighter)         Turns: 38, Time: 00:00:28

Health: -3/20      AC:  7    Str: 31    XL:     1   Next: 16%
Magic:  0/0        EV:  9    Int: -1    God:
Gold:   65         SH: 10    Dex: 18    Spells: 0/0 levels left

rFire   x . .      SeeInvis .   a - +0 war axe
rCold   + + .      Faith    .   c - +0 buckler
rNeg    . . .      Spirit   .   b - +0 scale mail
rPois   .          Reflect  +   (helmet restricted)
rElec   +          Harm     .   (no cloak)
rCorr   .          Rampage  .   (no gloves)
Will    .....      NoTele   +   (no boots)
Stlth   ..........              p - amulet "Cemmaj" {Reflect Str+4 SH+5}
HPRegen 0.06/turn               q - ring "Qiupi" {rC+ Will+ Str+7 Int-4}
MPRegen 0.07/turn               o - ring "Rueqot" {Ice rElec Will- Int-2 Dex+9}

@: lethally poisoned (-3 -> -13), slowed, lost intelligence, unable to read,
very slow
A: horns 2, retaliatory headbutt
a: no special abilities


You were in the Dungeon.
You visited 1 branch You collected 200 gold pieces.
You spent 135 gold pieces at shops.

Inventory:

Hand Weapons
 a - a +0 war axe (weapon)
Armour
 b - a +0 scale mail (worn)
 c - a +0 buckler (worn)
Jewellery
 o - the ring "Rueqot" (right hand) {Ice rElec Will- Int-2 Dex+9}
   (You bought it in a shop in the Dungeon)

   [ring of ice]

   It enhances your ice magic.
   Int:       It affects your intelligence (-2).
   Dex:       It affects your dexterity (+9).
   rF:        It makes you vulnerable to fire.
   rC:        It protects you from cold.
   rElec:     It insulates you from electricity.
   Will:      It decreases your willpower.
 p - the amulet "Cemmaj" (around neck) {Reflect Str+4 SH+5}
   (You bought it in a shop in the Dungeon)

   [amulet of reflection]

   It reflects blocked missile attacks.
   Str:       It affects your strength (+4).
   SH:        It affects your SH (+5).
 q - the ring "Qiupi" (left hand) {rC+ Will+ Str+7 Int-4}
   (You bought it in a shop in the Dungeon)

   [ring of willpower]

   Str:       It affects your strength (+7).
   Int:       It affects your intelligence (-4).
   rC:        It protects you from cold.
   Will:      It increases your willpower.
Wands
 l - a wand of acid (5)
 m - a wand of roots (5)
Scrolls
 j - 4 scrolls of blinking
 n - 3 scrolls of fog
Potions
 d - a potion of might
 e - a potion of curing
 f - 4 potions of heal wounds
 g - 4 potions of haste
 h - 2 potions of magic
 i - a potion of berserk rage
 k - a potion of resistance


   Skills:
 + Level 3.9 Fighting
 + Level 2.5 Axes
 + Level 3.9 Armour
 + Level 3.9 Shields


You couldn't memorise any spells.
You didn't know any spells.
Your spell library was empty.

Dungeon Overview and Level Annotations

Branches:
Dungeon (1/1)

Altars:
Gozag
Kikubaaqudgha
Qazlal
Ru
Uskayaw
Xom
The Shining One
Lugonu

Shops:
D *[?


Innate Abilities, Weirdness & Mutations

You have a pair of horns on your head.
You reflexively headbutt those who attack you in melee.


Message History

The ball python hisses angrily.
A water moccasin comes into view.
The water moccasin hisses angrily.
You block the ball python's attack. The ball python closely misses you.
You barely miss the ball python.
The ball python bites you but does no damage.
The ball python grabs you. The ball python constricts you.
You block the ball python's attack. The ball python constricts you.
You block the ball python's attack. The ball python constricts you.
You hit the ball python.
The ball python is severely wounded.
You closely miss the water moccasin.
The water moccasin bites you but does no damage.
The ball python barely misses you. You furiously retaliate!
You headbutt the ball python!
You kill the ball python!
You block the water moccasin's attack. x2
You closely miss the water moccasin.
Your headbutt misses the water moccasin.
You block the water moccasin's attack. x2
The water moccasin barely misses you.
You hit the water moccasin.
The water moccasin is moderately wounded.
You block the water moccasin's attack. x2
The water moccasin barely misses you.
You slash the water moccasin!
The water moccasin is severely wounded.
You block the water moccasin's attack. The water moccasin closely misses you.
The water moccasin completely misses you.
You hit the water moccasin.
The water moccasin is almost dead.
The water moccasin bites you!
You are lethally poisoned!
The water moccasin poisons you!
You block the water moccasin's attack. x2
You barely miss the water moccasin.
The water moccasin is almost dead.
* * * LOW HITPOINT WARNING * * *
You feel extremely sick. The water moccasin bites you!
You die...

#_.......
###.........###
#⌠...........⌠#
######.8.........8.#
##.__.......# ......
###∩........8.# .8...
##.............###.....
#⌠........†.###...#
#⌠........@.# #.<.#
#⌠........S.###...#
##.............###..
###∩........8.# .8..
##∩.__......# ......
######.8..... ...8.#
#⌠...........⌠#
###.........### _.....


You could see a water moccasin.

Vanquished Creatures
  A ball python (D)
1 creature vanquished.

Notes
Turn   | Place    | Note
-------+----------+-------------------------------------------
     0 | D        | boopmooplesden the Minotaur Fighter began the quest for the
                  | Orb.
     0 | D        | Reached XP level 1. HP: 19/19 MP: 0/0
     3 | D        | Found a glowing golden altar of the Shining One.
     4 | D        | Found an opulent altar of Gozag.
     4 | D        | Found a sacrificial altar of Ru.
     5 | D        | Found a stormy altar of Qazlal.
     5 | D        | Round 1.
     6 | D        | Found a corrupted altar of Lugonu.
     6 | D        | Found a hide-covered altar of Uskayaw.
     6 | D        | Found Cynimag's Identification Station.
     7 | D        | Found Hoappuv's Jewellery.
     7 | D        | Found Falootys's Advanced Armour.
    15 | D        | Bought a translucent glass ring for 45 gold pieces
    15 | D        | Identified the ring "Rueqot" {Ice rElec Will- Int-2 Dex+9}
                  | (You bought it in a shop in the Dungeon)
    15 | D        | Bought a slimy crystal amulet for 45 gold pieces
    15 | D        | Identified the amulet "Cemmaj" {Reflect Str+4 SH+5} (You
                  | bought it in a shop in the Dungeon)
    15 | D        | Bought a twitching ivory ring for 45 gold pieces
    15 | D        | Identified the ring "Qiupi" {rC+ Will+ Str+7 Int-4} (You
                  | bought it in a shop in the Dungeon)
    21 | D        | Lost intelligence.
    28 | D        | Found a shimmering altar of Xom.
    29 | D        | Found an ancient bone altar of Kikubaaqudgha.
    29 | D        | Noticed a water moccasin
    38 | D        | Slain by a water moccasin

Illustrated notes

Levels and vault maps discovered:
D:        arena_sprint

Action                   || total
-------------------------++-------
Melee: War axe           ||     7
Armor: Scale mail        ||     2
Dodge: Dodged            ||     6
Block: Buckler           ||    12
